 Dungeon Crawl Stone Soup version 0.20-a0-1122-gb7cbeb9 (webtiles) character file.

32 Alarkh the Insei (level 3, 26/26 HPs)
             Began as a Demonspawn Transmuter on May 13, 2017.
             Got out of the dungeon alive.
             The game lasted 00:00:45 (1848 turns).

Alarkh the Insei (Demonspawn Transmuter)            Turns: 1848, Time: 00:00:46

Health: 26/26      AC:  2    Str: 10    XL:     3   Next: 8%
Magic:  6/6        EV: 14    Int: 15    God:
Gold:   76         SH:  0    Dex: 13    Spells: 3/6 levels left

rFire    . . .     SeeInvis .     - Unarmed
rCold    . . .     Gourm    .   (no shield)
rNeg     . . .     Faith    .   b - +0 robe
rPois    .         Spirit   .   (no helmet)
rElec    .         Reflect  .   (no cloak)
rCorr    .         Harm     .   (no gloves)
MR       .....                  (no boots)
Stlth    +.........             (no amulet)
Regen    0.1/turn               (no ring)
MPRegen  0.1/turn               (no ring)

@: no status effects
A: repulsion field 1, demonic guardian 1
a: no special abilities


You escaped.
You were not hungry.

You visited 1 branch of the dungeon, and saw 2 of its levels.

You collected 76 gold pieces.

Inventory:

Missiles
 a - 30 arrows
Armour
 b - a +0 robe (worn)
Scrolls
 e - 5 scrolls of identify {unknown}
 g - a scroll of magic mapping {unknown}
 h - 4 scrolls of amnesia {unknown}
 j - a scroll of teleportation {unknown}
 m - a scroll of recharging {unknown}
 n - a scroll of enchant armour {unknown}
Potions
 i - a potion of degeneration {unknown}
 l - a potion of cancellation {unknown}
Books
 c - a book of Changes

   Spells                             Type                      Level
   a - Beastly Appendage              Transmutation                1
   b - Sticks to Snakes               Transmutation                2
   c - Spider Form                    Transmutation/Poison         3
   d - Ice Form                       Ice/Transmutation            4
   e - Blade Hands                    Transmutation                5
Comestibles
 d - a bread ration
 f - a chunk of flesh
 k - a royal jelly


   Skills:
 - Level 1.0 Fighting
 - Level 1.7 Dodging
 + Level 3.9 Unarmed Combat
 - Level 2.0 Spellcasting
 - Level 1.7 Transmutations


You had 3 spell levels left.
You knew the following spells:

 Your Spells              Type           Power        Failure   Level  Hunger
a - Sticks to Snakes      Tmut           #.......     16%         2    ###....
b - Beastly Appendage     Tmut           #.....       11%         1    #......


Dungeon Overview and Level Annotations

Branches:
Dungeon (2/15)

Altars:


Innate Abilities, Weirdness & Mutations

You are surrounded by a mild repulsion field. (EV +2)
A weak demonic guardian rushes to your aid.


Message History

No target in view!
No target in view!
HP restored.
f - 2 chunks of flesh Eating one of 2 chunks of flesh.
You eat one of the 2 chunks of flesh.
This raw flesh tastes terrible.
Done exploring.
(D) Dungeon
Where to? (Enter - D:1 @ (x,y), ? - help)
There is an open door here.
There is a large open door here.
There is an open gate here.
There is an open door here.
There is an open gate here.
There is an open door here.
There is an open door here.
There is an open door here.
There is a staircase leading out of the dungeon here.
Are you sure you want to leave the Dungeon?
This will make you lose the game!
You have escaped!

################ #.
#.......'......# #.
#.......'......# #####.
#.......'......# #.....
#...########...# #..##.
#...#...'..#...#######..##.
#...#...#..#...#.....#.....
#...#...##'##'##'#'#.....##
##''#'####@#...#...###...##
#...#....###...#...##......
#...#....'.....#...##.##.##
#...#....'.....#...##.##.#.
#...#....'.....#...##.##..#
#...############...##.####.
#.[......'.........##.#####
#........#.........##......
#........+.........########


There were no monsters in sight!

Vanquished Creatures
  2 dart slugs (D:1)
  2 leopard geckos
  A giant cockroach (D:2)
  6 goblins
  2 hobgoblins (D:2)
  3 jackals (D:2)
  2 bats
  A frilled lizard (D:1)
  3 kobolds
22 creatures vanquished.

Notes
Turn   | Place    | Note
-------+----------+-------------------------------------------
     0 | D:1      | Alarkh the Demonspawn Transmuter began the quest for the Orb.
     0 | D:1      | Reached XP level 1. HP: 15/15 MP: 3/3
   266 | D:1      | Reached skill level 3 in Unarmed Combat
   674 | D:1      | Gained mutation: You are surrounded by a mild repulsion field. (EV +2) [demonic ancestry]
   674 | D:1      | Reached XP level 2. HP: 12/21 MP: 5/5
  1176 | D:2      | Learned a level 2 spell: Sticks to Snakes
  1613 | D:2      | Gained mutation: A weak demonic guardian rushes to your aid. [demonic ancestry]
  1613 | D:2      | Reached XP level 3. HP: 25/26 MP: 6/6
  1848 | D:$      | Got out of the dungeon alive.

Vault maps used:
D:1:      minmay_arrival_widening_spiral_wide
D:2:      nicolae_dithmenos_shadow_blocks, nicolae_qazlal_style_of_elements,
          first_bread

Skill      XL: |  1 |
---------------+----+-----
Unarmed Combat | 3 |  3.9
Fighting       | |  1.0
Dodging        | |  1.7
Spellcasting   | |  2.0
Transmutations | |  1.7

Action                   || total
-------------------------++-------
Melee: Unarmed           ||    94
       Punch             ||     1
 Stab: Sleeping          ||     2
  Eat: Chunk             ||     3
Armor: Robe              ||    10
Dodge: Dodged            ||    59
